 Dungeon Crawl Stone Soup version 0.31-a0-7-g51783674b7 (webtiles) character file.

Game seed: 13494634899999139746

125 Adrian566 the Covert (level 5, -2/34 HPs)
             Began as an Octopode Brigand on May 5, 2023.
             Slain by a worm (10 damage)
             ... on level 3 of the Dungeon.
             The game lasted 00:02:14 (1515 turns).

Adrian566 the Covert (Octopode Brigand)             Turns: 1515, Time: 00:02:15

Health: -2/34      AC:  1    Str: 10    XL:     5   Next: 9%
Magic:  5/5        EV: 10    Int: 14    God:
Gold:   49         SH:  7    Dex: 15    Spells: 4/4 levels left

rFire   . . .        a - +2 dagger (heavy)
rCold   . . .        q - +0 kite shield
rNeg    . . .        (helmet restricted)
rPois   .            p - amulet of regeneration
rElec   .            o - ring of resist corrosion
rCorr   +            (no ring)
SInv    .            (no ring)
Will    .....        (no ring)
Stlth   +++++        (no ring)
HPRegen 1.05/turn    (no ring)
MPRegen 0.09/turn    (no ring)
                     (no ring)

%: no passive effects
@: no status effects
A: almost no armour, amphibious, 8 rings, camouflage 1, gelatinous body 1,
(nimble swimmer 1), tentacles
a: no special abilities


You were on level 3 of the Dungeon.
You visited 1 branch of the dungeon, and saw 3 of its levels.

You collected 49 gold pieces.

Inventory:

Hand Weapons
 a - a +2 heavy dagger (weapon)
Missiles
 b - 23 poisoned darts (quivered)
 c - 3 curare-tipped darts
Armour
 m - a +2 buckler
 q - a +0 kite shield (worn)
Jewellery
 f - an amulet of the acrobat
 h - an amulet of guardian spirit
 o - a ring of resist corrosion (left tentacle)
 p - an amulet of regeneration (around mantle)
Scrolls
 e - a scroll of fear
 g - 2 scrolls of noise
 i - a scroll of poison
 j - a scroll of magic mapping
Potions
 d - 2 potions of heal wounds {unknown}
 l - a potion of degeneration {unknown}


   Skills:
 + Level 2.1 Fighting
 + Level 2.3 Short Blades
 + Level 2.1 Throwing
 + Level 1.1 Dodging
 * Level 8.2 Stealth


You had 4 spell levels left.
You didn't know any spells.
Your spell library was empty.

Dungeon Overview and Level Annotations

Branches:
Dungeon (3/15)

Altars:


Innate Abilities, Weirdness & Mutations

You cannot wear most types of armour.
You are amphibious.
You can wear up to eight rings at the same time.
Your skin changes colour to match your surroundings (Stealth+).
Your rubbery body absorbs attacks. (AC +1, EV +1)
((You are camouflaged when in or above water. (Stealth+)))
You have tentacles for arms and can constrict up to eight enemies at once.


Message History

You start putting on your armour.
You continue putting on your +0 kite shield. x5
You finish putting on your +0 kite shield.
Found a stone staircase leading down.
As you read the scroll labelled DAQIGU JIROCLO, it crumbles to dust.
You feel aware of your surroundings.
You sensed 1 altar.
It was a scroll of magic mapping.
As you read the scroll labelled DICIMY JONUOR, it crumbles to dust.
You feel strangely unstable.
It was a scroll of teleportation.
As you read the scroll labelled SANKOTW ODOW, it crumbles to dust.
It is a scroll of brand weapon.
Your +2 dagger becomes incredibly heavy!
a - a +2 heavy dagger (weapon)
Your surroundings suddenly seem different.
A worm, a bat and 3 gnolls come into view.
Found four items.
There are monsters nearby!
The gnoll shouts! x2
The bat closely misses you.
The gnoll shouts!
The bat barely misses you.
You closely miss the bat. Your grab misses the bat.
Your squeeze misses the bat. The bat misses you.
The bat hits you but does no damage. The gnoll barely misses you.
You hit the gnoll. Your grab misses the gnoll. You squeeze the gnoll!
The gnoll is severely wounded.
The bat closely misses you. You block the gnoll's attack.
The gnoll barely misses you. The bat barely misses you.
You barely miss the gnoll. Your grab misses the gnoll. You squeeze the gnoll.
You kill the gnoll!
You block the bat's attack. The gnoll barely misses you.
The bat barely misses you. The worm barely misses you.
You block the gnoll's attack. The gnoll hits you with a +0 whip!
You completely miss the gnoll. Your grab misses the gnoll.
Your squeeze misses the gnoll. The bat barely misses you. x2
The gnoll hits you with a +0 whip!
The gnoll hits you from afar with a +0 spear!
* * * LOW HITPOINT WARNING * * *
The worm bites you!
You die...

,,,* *,,,,..,..#.#,* *,,,,,,,,,
**,* *,,###.*#.#.#,* *,*,,,,,,,
*,*****,,,$..##.#.##* ****♣...♣*
**,,,,,,,*###.......# ♣♣...♣♣
**,,,,,,,*#.........## ♣♣♣.....*
********,##.#........# #...#.#**
,***,,,,,.......g....####.....###
,,**,,*,,**,##.g................#
,,,*,***,,,,#..b@................
,,,*,,*,,***#..#w...#............
,,,*,,,,,* #..##=#.#####...####.
,,******** #.,*.?#.# #...# ## ,**
#.,#w##.# #...# ** #,,#.**.#
#...# # *,,..,,.#***##.## ## ***
****,***,,,,,..# #. ,,*********
*,* *,****..# ##


You could see a worm, 2 gnolls and a bat.

Vanquished Creatures
  An adder (D:2)
  5 gnolls (D:3)
  A dart slug (D:1)
  5 orcs (D:2)
  6 endoplasms
  3 giant cockroaches
  7 hobgoblins
  7 jackals (D:1)
  6 quokkas
  A ball python (D:1)
  A bat (D:2)
  3 frilled lizards
  5 goblins
  3 kobolds
54 creatures vanquished.

Notes
Turn   | Place    | Note
-------+----------+-------------------------------------------
     0 | D:1      | Adrian566 the Octopode Brigand began the quest for the Orb.
     0 | D:1      | Reached XP level 1. HP: 14/14 MP: 1/1
    44 | D:1      | Reached XP level 2. HP: 12/19 MP: 2/2
    84 | D:1      | Reached skill level 6 in Stealth
   349 | D:1      | Reached XP level 3. HP: 20/24 MP: 3/3
   872 | D:2      | Reached skill level 7 in Stealth
  1063 | D:2      | Reached XP level 4. HP: 29/29 MP: 4/4
  1249 | D:2      | You fall into a shaft and drop 1 floor!
  1293 | D:3      | Reached skill level 8 in Stealth
  1491 | D:3      | Reached XP level 5. HP: 34/34 MP: 5/5
  1515 | D:3      | Slain by a worm

Illustrated notes

Levels and vault maps discovered:
D:1:      heliophobic_arrival_enchanted_forest, layout_basic
D:2:      layout_basic
D:3:      layout_loops_cross, fedhas_altar_fruit_tree

Skill      XL: |  1  2  3  4 |
---------------+-------------+-----
Stealth        | 6 7 8 |  8.2
Fighting       | |  2.1
Short Blades   | |  2.3
Throwing       | |  2.1
Dodging        | |  1.1

Action                     |  1- 3 |  4- 6 || total
---------------------------+-------+-------++-------
  Melee: Dagger            |    68 |    32 ||   100
         Constrict         |    18 |     6 ||    24
         Tentacles         |    14 |    11 ||    25
    Use: Scroll            |     4 |     3 ||     7
         Potion            |       |     1 ||     1
   Stab: Sleeping          |    15 |     4 ||    19
 Armour: Skin              |     2 |     2 ||     4
  Dodge: Dodged            |    28 |    23 ||    51
  Block: Buckler           |       |     7 ||     7
         Kite shield       |       |     3 ||     3

Table legend: (Time is in decaauts)
 A = Elapsed time spent in this place.
 B = Non-inter-level travel time spent in this place.
 C = Inter-level travel time spent in this place.
 D = Time resting spent in this place.
 E = Time spent auto-exploring this place.
 F = Levels seen in this place.
 G = Mean time per level.
                   A        B        C        D        E       F      G
               +--------+--------+--------+--------+--------+-----+--------+
         Total |   1491 |   1453 |     38 |     50 |   1070 |   3 |  497.0 |
       Dungeon |   1491 |   1453 |     38 |     50 |   1070 |   3 |  497.0 |
               +--------+--------+--------+--------+--------+-----+--------+

Top non-repeatable levels by time:
     D:1: 637 daAuts
     D:2: 604 daAuts
     D:3: 249 daAuts
